 Dungeon Crawl Stone Soup version 0.30.0-29-ga12c61a403 (webtiles) character file.

Game seed: 15585339911059029365

2535 qw the Cleaver (level 9, -7/55 HPs)
             Began as a Gargoyle Fighter on June 5, 2023.
             Was an Initiate of Okawaru.
             Mangled by an orc warrior
             ... wielding a +0 trident
              (10 damage)
             ... on level 7 of the Dungeon.
             The game lasted 00:02:40 (4921 turns).

qw the Cleaver (Gargoyle Fighter)                   Turns: 4921, Time: 00:02:41

Health: -7/55      AC: 25    Str: 24    XL:     9   Next: 55%
Magic:  9/9        EV:  9    Int:  9    God:    Okawaru [......]
Gold:   326        SH:  4    Dex:  9    Spells: 8/8 levels left

rFire   + . .        Y - +2 war axe
rCold   . . .        c - +0 buckler
rNeg    + . .        a - +0 chain mail
rPois   inf          m - +2 helmet
rElec   +            e - +1 cloak {rCorr}
rCorr   +            (no gloves)
SInv    .            (no boots)
Will    .....        (no amulet) Stlth
                     v - +4 ring of protection
HPRegen 0.29/turn    l - ring of protection from fire
MPRegen 0.11/turn

%: no passive effects
@: no status effects
A: sickness immunity, AC +6, negative energy resistance 1, electricity
resistance, torment resistance 1, petrification resistance
a: Renounce Religion


You were on level 7 of the Dungeon.
You worshipped Okawaru.
Okawaru was noncommittal.
You visited 2 branches of the dungeon, and saw 8 of its levels.

You collected 326 gold pieces.


Innate Abilities, Weirdness & Mutations

You are immune to sickness and miasma.
Your stone body is resilient. (AC +6)
You are immune to poison.
You resist negative energy. (rN+)
You are resistant to electric shocks. (rElec)
You are resistant to unholy torment.
You are immune to petrification.


   Skills:
 - Level 6.1 Fighting
 - Level 9.0 Axes
 - Level 4.4 Throwing
 - Level 4.0 Armour
 - Level 2.3 Dodging
 + Level 3.8 Shields


You had 8 spell levels left.
You didn't know any spells.
Your spell library was empty.

Inventory:

Hand Weapons
 j - a +0 flail
 Y - a +2 war axe (weapon)
Missiles
 f - 5 boomerangs (quivered)
Armour
 a - a +0 chain mail (worn)
 c - a +0 buckler (worn)
 e - a +1 cloak of preservation (worn)
 m - a +2 helmet (worn)
Jewellery
 l - a ring of protection from fire (right hand)
 v - a +4 ring of protection (left hand)
Scrolls
 n - a scroll of identify
Potions
 b - 3 potions of curing
 d - 4 potions of might
 h - 3 potions of attraction
 i - a potion of mutation
 k - a potion of cancellation {unknown}
 p - 2 potions of resistance

Dungeon Overview and Level Annotations

Branches:
Dungeon (7/15)             Temple (1/1) D:7

Altars:
Ashenzari
Cheibriados
Dithmenos
Elyvilon
Fedhas
Gozag
Hepliaklqana
Kikubaaqudgha
Nemelex Xobeh
Okawaru
Qazlal
Ru
Sif Muna
Trog
Vehumet
Wu Jian
Xom
Yredelemnul
Zin
The Shining One


Message History

You closely miss the orc priest.
The orc priest is almost dead.
The orc warrior hits you from afar with a +0 trident.
The orc priest barely misses you.
You slash the orc priest!
You kill the orc priest!
Okawaru accepts your kill.
You hit the orc.
You kill the orc!
Okawaru accepts your kill. You block the orc warrior's attack.
Found 9 gold pieces.
The orc warrior hits you but does no damage.
Items here: %% )))) [[[.
You closely miss the orc warrior.
The orc warrior hits you with a +0 trident.
You hit the orc warrior.
The orc warrior is lightly wounded.
The orc warrior barely misses you.
You hit the orc warrior.
The orc warrior is moderately wounded.
The orc warrior closely misses you.
You slash the orc warrior!
The orc warrior is severely wounded.
The orc warrior hits you with a +0 trident.
The orc warrior hits you but does no damage.
You slash the orc warrior!
The orc warrior is almost dead.
The orc warrior hits you with a +0 trident.
You completely miss the orc warrior.
The orc warrior is almost dead.
The orc warrior hits you but does no damage.
You barely miss the orc warrior.
The orc warrior is almost dead.
The orc warrior hits you with a +0 trident!
You hit the orc warrior but do no damage.
The orc warrior is almost dead.
You hear the creaking of a distant portcullis.
The orc warrior hits you with a +0 trident!
You die...

###....... ..$
....#..... ..#
#....... ..
#########.#...>.
#.# #..
...##......) .. #.#
##.#..#..... #.##.#
#...........
#.o#.###..##.#.#[#.
#@#.##...##.......
#).>...#.######.#)
########.# #... #.#
#.## #.# #. ..# ###


You could see an orc warrior.

Vanquished Creatures
  A cyclops (D:6)
  A slime creature (D:6)
  Sigmund (D:5)
  Menkaure (D:5)
  A water moccasin (D:7)
  An orc warrior (D:6)
  An ogre (D:6)
  2 black bears
  A phantom (D:6)
  A bullfrog (D:6)
  5 scorpions
  4 wights (D:7)
  5 hounds
  2 jellies
  3 orc priests
  2 sleepcaps (D:6)
  An iguana (D:6)
  2 orc wizards (D:3)
  2 gnolls (D:7)
  5 adders
  A shadow imp (D:6)
  A white imp (D:6)
  An ufetubus (D:6)
  A worm (D:2)
  4 dart slugs
  20 orcs
  6 endoplasms
  2 giant cockroaches
  5 goblins
  5 hobgoblins
  2 jackals (D:1)
  7 kobolds
  5 quokkas
  5 ball pythons
  A bat (D:1)
  3 frilled lizards
  3 rats (D:1)
114 creatures vanquished.

Notes
Turn   | Place    | Note
-------+----------+-------------------------------------------
     0 | D:1      | qw the Gargoyle Fighter began the quest for the Orb.
     0 | D:1      | Reached XP level 1. HP: 14/14 MP: 1/1
     0 | D:1      | 0 ||| qw: Version: 0.2-a-108-gee2c290
     0 | D:1      | 0 ||| qw: Game counter: 1443
     0 | D:1      | 0 ||| qw: Always use a shield: true
     0 | D:1      | 0 ||| qw: God list: Okawaru
     0 | D:1      | 0 ||| qw: Allow faded altars: false
     0 | D:1      | 0 ||| qw: Do Orc after D:15 true
     0 | D:1      | 0 ||| qw: Do second Lair branch before Depths: true
     0 | D:1      | 0 ||| qw: Lair rune preference: random
     0 | D:1      | 0 ||| qw: Plans: Normal, Zot:1-4, Slime:5, God:TSO, Crypt,
                  | Tomb, Abyss, Pan, Hells, Win
     0 | D:1      | 0 ||| PLANNING D:1-11
    94 | D:1      | Reached skill level 2 in Axes
   151 | D:1      | 151 ||| Stepping ~*~*~tactically~*~*~ (stealth).
   152 | D:1      | 152 ||| Stepping ~*~*~tactically~*~*~ (stealth).
   153 | D:1      | 153 ||| Stepping ~*~*~tactically~*~*~ (stealth).
   185 | D:1      | Reached XP level 2. HP: 19/19 MP: 2/2
   383 | D:1      | 383 ||| Stepping ~*~*~tactically~*~*~ (hiding).
   384 | D:1      | 384 ||| Stepping ~*~*~tactically~*~*~ (hiding).
   387 | D:1      | 387 ||| Stepping ~*~*~tactically~*~*~ (hiding).
   568 | D:1      | Reached skill level 3 in Axes
   657 | D:1      | 657 ||| UPGRADING to +0 helmet.
   662 | D:1      | 662 ||| DROPPING amulet of magic regeneration.
   663 | D:1      | 663 ||| DROPPING ring of flight.
   664 | D:1      | 664 ||| READING 2 scrolls labelled PIYNYG NOADGH.
   665 | D:1      | 665 ||| READING scroll labelled MOFIUD DOESS.
   666 | D:1      | 666 ||| READING scroll labelled FUWIENL YKKICA.
   666 | D:1      | Identified a scroll of acquirement
   666 | D:1      | 666 ||| ACQUIRING +1 cloak of preservation
   666 | D:1      | Acquired a +1 cloak of preservation
   668 | D:1      | 668 ||| UPGRADING to +1 cloak of preservation.
   673 | D:1      | 673 ||| DROPPING scroll of poison.
   708 | D:2      | Reached XP level 3. HP: 23/23 MP: 3/3
   732 | D:2      | Found an ancient bone altar of Kikubaaqudgha.
   785 | D:2      | Found a faded altar of an unknown god.
   811 | D:2      | 811 ||| Stepping ~*~*~tactically~*~*~ (stealth).
   905 | D:2      | 905 ||| Stepping ~*~*~tactically~*~*~ (hiding).
   935 | D:2      | 935 ||| DROPPING +0 whip.
  1138 | D:2      | 1138 ||| UPGRADING to +0 chain mail.
  1148 | D:2      | 1148 ||| DROPPING +0 scale mail.
  1149 | D:2      | 1149 ||| READING scroll labelled FUDIWNITEP.
  1154 | D:2      | 1154 ||| READING scroll labelled ESOESI ILYL.
  1302 | D:3      | 1302 ||| READING scroll of enchant armour.
  1302 | D:3      | 1302 ||| ENCHANTING +0 helmet.
  1743 | D:3      | Reached skill level 1 in Throwing
  1743 | D:3      | Reached XP level 4. HP: 27/28 MP: 4/4
  1758 | D:3      | 1758 ||| FLEEEEING.
  1766 | D:3      | 1766 ||| FLEEEEING.
  1767 | D:3      | 1767 ||| FLEEEEING.
  1768 | D:3      | 1768 ||| FLEEEEING.
  1793 | D:3      | HP: 7/28 [something/puff of flame (4)]
  1795 | D:3      | 1795 ||| FLEEEEING.
  1796 | D:3      | 1796 ||| FLEEEEING.
  1800 | D:3      | HP: 6/28 [orc/+0 mace (1)]
  1806 | D:3      | 1806 ||| FLEEEEING.
  1807 | D:3      | 1807 ||| FLEEEEING.
  1808 | D:3      | 1808 ||| FLEEEEING.
  1809 | D:3      | 1809 ||| FLEEEEING.
  1810 | D:3      | 1810 ||| FLEEEEING.
  1811 | D:3      | 1811 ||| FLEEEEING.
  1812 | D:3      | 1812 ||| FLEEEEING.
  1813 | D:3      | 1813 ||| FLEEEEING.
  1814 | D:3      | 1814 ||| FLEEEEING.
  1815 | D:3      | 1815 ||| FLEEEEING.
  1818 | D:3      | 1818 ||| FLEEEEING.
  1819 | D:3      | 1819 ||| FLEEEEING.
  1820 | D:3      | 1820 ||| FLEEEEING.
  1821 | D:3      | 1821 ||| FLEEEEING.
  1822 | D:3      | 1822 ||| FLEEEEING.
  1823 | D:3      | 1823 ||| FLEEEEING.
  1851 | D:3      | HP: 5/28 [something (5)]
  1853 | D:3      | Reached skill level 4 in Axes
  1853 | D:3      | Reached XP level 5. HP: 6/32 MP: 5/5
  2032 | D:3      | 2032 ||| DROPPING +1 mace of venom.
  2035 | D:3      | Found a glowing silver altar of Zin.
  2141 | D:4      | Found a snail-covered altar of Cheibriados.
  2145 | D:4      | Found a bloodstained altar of Trog.
  2153 | D:4      | Noticed a black bear
  2172 | D:4      | Killed a black bear
  2173 | D:4      | Reached skill level 5 in Axes
  2173 | D:4      | Reached XP level 6. HP: 27/37 MP: 6/6
  2226 | D:4      | 2226 ||| Stepping ~*~*~tactically~*~*~ (stealth).
  2248 | D:4      | 2248 ||| Stepping ~*~*~tactically~*~*~ (stealth).
  2250 | D:4      | 2250 ||| Stepping ~*~*~tactically~*~*~ (stealth).
  2252 | D:4      | 2252 ||| Stepping ~*~*~tactically~*~*~ (hiding).
  2253 | D:4      | 2253 ||| Stepping ~*~*~tactically~*~*~ (hiding).
  2254 | D:4      | 2254 ||| Stepping ~*~*~tactically~*~*~ (hiding).
  2255 | D:4      | 2255 ||| Stepping ~*~*~tactically~*~*~ (hiding).
  2818 | D:4      | 2818 ||| DROPPING +1 cloak of poison resistance.
  2819 | D:4      | 2819 ||| DROPPING +1 ring mail of willpower.
  2820 | D:4      | 2820 ||| DROPPING +6 ring of intelligence.
  2821 | D:4      | 2821 ||| UPGRADING to +4 ring of protection.
  2822 | D:4      | 2822 ||| READING scroll labelled COEL GUGAUCOI.
  2823 | D:4      | 2823 ||| READING scroll labelled TUBECZE JOIRI.
  2824 | D:4      | 2824 ||| READING scroll labelled GAKLARIZ QAHU.
  2825 | D:4      | 2825 ||| READING scroll labelled KOUTRE SIRHEPP.
  2826 | D:4      | 2826 ||| READING scroll labelled ORGHIF ORYAMINT.
  2827 | D:4      | 2827 ||| DRINKING 2 golden potions.
  2828 | D:4      | 2828 ||| DRINKING 2 murky golden potions.
  2829 | D:4      | 2829 ||| DROPPING potion of degeneration.
  2878 | D:5      | Entered Level 5 of the Dungeon
  2903 | D:5      | Reached XP level 7. HP: 43/44 MP: 7/7
  2919 | D:5      | 2919 ||| READING scroll of enchant armour.
  2919 | D:5      | 2919 ||| ENCHANTING +1 helmet.
  2955 | D:5      | Reached skill level 6 in Axes
  3162 | D:5      | Noticed Sigmund
  3163 | D:5      | 3163 ||| Stepping ~*~*~tactically~*~*~ (hiding).
  3164 | D:5      | 3164 ||| Stepping ~*~*~tactically~*~*~ (hiding).
  3168 | D:5      | 3168 ||| DRINKING potion of curing.
  3168 | D:5      | 3168 ||| (to cure confusion)
  3183 | D:5      | Killed Sigmund
  3184 | D:5      | Reached skill level 7 in Axes
  3295 | D:5      | 3295 ||| FLEEEEING.
  3296 | D:5      | 3296 ||| FLEEEEING.
  3297 | D:5      | 3297 ||| FLEEEEING.
  3298 | D:5      | 3298 ||| FLEEEEING.
  3299 | D:5      | 3299 ||| FLEEEEING.
  3300 | D:5      | 3300 ||| FLEEEEING.
  3301 | D:5      | 3301 ||| FLEEEEING.
  3302 | D:5      | 3302 ||| FLEEEEING.
  3303 | D:5      | 3303 ||| FLEEEEING.
  3417 | D:5      | 3417 ||| READING scroll of enchant weapon.
  3417 | D:5      | 3417 ||| ENCHANTING +1 war axe.
  3472 | D:5      | Noticed Menkaure
  3478 | D:5      | Killed Menkaure
  3479 | D:5      | Reached XP level 8. HP: 47/48 MP: 8/8
  3649 | D:5      | 3649 ||| UPGRADING to ring of protection from fire.
  3650 | D:5      | 3650 ||| DRINKING 2 emerald potions.
  3822 | D:6      | Noticed a cyclops
  3836 | D:6      | Killed a cyclops
  3910 | D:6      | Noticed a slime creature
  3927 | D:6      | Killed a slime creature
  3928 | D:6      | Reached skill level 8 in Axes
  3928 | D:6      | Reached XP level 9. HP: 25/54 MP: 9/9
  3940 | D:6      | 3940 ||| Stepping ~*~*~tactically~*~*~ (stealth).
  3941 | D:6      | 3941 ||| Stepping ~*~*~tactically~*~*~ (stealth).
  3951 | D:6      | 3951 ||| Stepping ~*~*~tactically~*~*~ (stealth).
  4071 | D:6      | Found an ancient bone altar of Kikubaaqudgha.
  4222 | D:6      | Reached skill level 6 in Fighting
  4548 | D:6      | 4548 ||| READING scroll labelled RYBOZ WANEMO.
  4549 | D:6      | 4549 ||| DRINKING 3 viscous amethyst potions.
  4550 | D:6      | 4550 ||| READING 3 scrolls of identify.
  4550 | D:6      | 4550 ||| IDENTIFYING black potion
  4551 | D:6      | 4551 ||| READING 2 scrolls of identify.
  4551 | D:6      | 4551 ||| IDENTIFYING metallic orange potion
  4552 | D:6      | 4552 ||| DROPPING potion of brilliance.
  4561 | D:7      | 4561 ||| Stepping ~*~*~tactically~*~*~ (hiding).
  4760 | D:7      | Found a staircase to the Ecumenical Temple.
  4761 | D:7      | 4761 ||| PLANNING TEMPLE
  4763 | D:7      | 4763 ||| Stepping ~*~*~tactically~*~*~ (stealth).
  4764 | D:7      | 4764 ||| Stepping ~*~*~tactically~*~*~ (stealth).
  4769 | D:7      | Reached skill level 9 in Axes
  4774 | D:7      | 4774 ||| Stepping ~*~*~tactically~*~*~ (stealth).
  4809 | Temple   | Entered the Ecumenical Temple
  4810 | Temple   | 4810 ||| PLANNING OKAWARU WORSHIP
  4869 | Temple   | Became a worshipper of Warmaster Okawaru
  4869 | Temple   | 4869 ||| PLANNING D:1-11
  4917 | D:7      | HP: 13/55 [orc warrior/+0 trident (5)]
  4920 | D:7      | HP: 3/55 [orc warrior/+0 trident (9)]
  4921 | D:7      | Mangled by an orc warrior

Levels and vault maps discovered:
D:1:      sevenhm_arrival_forest_fort_small_4, layout_basic,
          minmay_small_reverse_x
D:2:      layout_rooms, basic_altar, hellmonk_ecumenical_altar_leap_of_faith
D:3:      layout_loops_ring, marbit_many_paths, chequers_serial_rivers_micro_d
D:4:      layout_rooms, nicolae_overflow_squiral, minmay_strange_pillars,
          small_statue_intersection, corner_web_ring
D:5:      layout_loops_ring, grunt_decor_mini_mirrors, uniq_menkaure,
          uniq_sigmund
D:6:      layout_rooms, mainiacjoe_overflow_catwalk, minmay_three_doors
D:7:      layout_basic, minmay_temple_entry_glass, enter_bailey_3
Temple:   nicolae_temple_x_marks_the_god

Skill      XL: |  1  2  3  4  5  6  7  8  9 |
---------------+----------------------------+-----
Axes           | 2 3 4 5 7 8 9 |  9.0
Throwing       | 1 4 |  4.4
Fighting       | 4 5 6 |  6.1
Dodging        | 2 |  2.3
Armour         | 4 |  4.0
Shields        | |  3.8

Action                     |  1- 3 |  4- 6 |  7- 9 || total
---------------------------+-------+-------+-------++-------
  Melee: War axe           |   108 |   128 |   208 ||   444
  Throw: Javelin           |       |    14 |     8 ||    22
         Boomerang         |       |     5 |    27 ||    32
    Use: Scroll            |     6 |     5 |     5 ||    16
         Potion            |       |     2 |     3 ||     5
 Armour: Scale mail        |    44 |       |       ||    44
         Chain mail        |    15 |    99 |    93 ||   207
  Dodge: Dodged            |    50 |    51 |    91 ||   192
  Block: Buckler           |    18 |    22 |    23 ||    63

Table legend:
 A = Non-vault XP
 B = Vault XP
 C = Vault XP percentage of total XP
 D = Non-vault monster count
 E = Vault monster count
 F = Vault count percentage of total count
                 A         B        C        D         E       F
            +---------+---------+-------+---------+---------+-------
      Total |    2277 |    1345 |  37.1 |     104 |      10 |   8.8
            +---------+---------+-------+---------+---------+-------
        D:1 |      27 |       6 |  18.2 |      17 |       4 |  19.0
        D:2 |      28 |       0 |   0.0 |      13 |       0 |   0.0
        D:3 |     104 |       3 |   2.8 |      16 |       1 |   5.9
        D:4 |     415 |       0 |   0.0 |      17 |       0 |   0.0
        D:5 |     230 |     386 |  62.7 |      10 |       2 |  16.7
        D:6 |     908 |     950 |  51.1 |      17 |       3 |  15.0
        D:7 |     565 |       0 |   0.0 |      14 |       0 |   0.0
            +---------+---------+-------+---------+---------+-------
